 Dungeon Crawl Stone Soup version 0.18-a0-921-g28655ce (webtiles) character file.

2764 JokEr the Martial Artist (level 9, -8/75 HPs)
             Began as a Vampire Monk on Dec 27, 2015.
             Was a High Priest of Makhleb.
             Shot with an arrow by a centaur (15 damage)
             ... on level 7 of the Dungeon.
             The game lasted 00:36:21 (9178 turns).

JokEr the Martial Artist (Vampire Monk)             Turns: 9178, Time: 00:36:22

Health: -8/75      AC:  7    Str: 12    XL:     9   Next: 42%
Magic:  9/9        EV: 14    Int: 12    God:    Makhleb [*****.]
Gold:   364        SH:  0    Dex: 18    Spells: 0 memorised, 8 levels left

rFire  . . .     SeeInvis +       - Unarmed
rCold  . . .     Gourm    .     a - +0 robe
rNeg   + . .     Faith    .     (no shield)
rPois  .         Spirit   .     f - +1 helmet
rElec  .         Dismiss  .     l - +2 cloak
rCorr  .         Reflect  .     (no gloves)
SustAt .         Harm     +     (no boots)
MR     .....                    s - amulet of harm
Stlth  +++.......               (no ring)
                                e - ring of wizardry

@: not resistant to hostile enchantments, fairly stealthy
A: fangs 3, see invisible, unbreathing
a: Bat Form, Minor Destruction, Lesser Servant of Makhleb, Major Destruction,
Greater Servant of Makhleb, Renounce Religion


You were on level 7 of the Dungeon.
You worshipped Makhleb.
Makhleb was extremely pleased with you.
You were not thirsty.

You visited 2 branches of the dungeon, and saw 8 of its levels.

You collected 364 gold pieces.

Inventory:

Armour
 a - a +0 robe (worn)
 f - a +1 helmet (worn)
 l - a +2 cloak (worn)
Jewellery
 e - a ring of wizardry (left hand)
 s - an amulet of harm (around neck)
Wands
 h - a wand of random effects (24/48)
 p - a wand of flame (25/48)
 u - a wand of magic darts (24/48)
Scrolls
 g - 2 scrolls of remove curse
 j - a scroll of amnesia
 m - a scroll of magic mapping
Potions
 b - 13 potions of blood
 c - a potion of lignification
 d - a potion of berserk rage
 i - a potion of ambrosia {unknown}
 k - a potion of brilliance {unknown}
 n - a potion of agility {unknown}
 o - 2 potions of cancellation
 q - a potion of resistance {unknown}
 r - 3 potions of heal wounds {unknown}
 t - a potion of degeneration {unknown}
 v - 2 potions of magic {unknown}
 w - a potion of flight {unknown}
 x - 3 potions of curing


   Skills:
 + Level 8.9 Fighting
 - Level 3.2 Dodging
 - Level 3.0 Stealth
 + Level 10.8 Unarmed Combat


You had 8 spell levels left.
You didn't know any spells.

Dungeon Overview and Level Annotations

Branches:
Dungeon (7/15)             Temple (1/1) D:4

Altars:
Ashenzari
Dithmenos
Elyvilon
Fedhas
Kikubaaqudgha
Makhleb
Nemelex Xobeh
Pakellas
Ru
Sif Muna
Vehumet
Xom
Yredelemnul
The Shining One


Innate Abilities, Weirdness & Mutations

You have razor-sharp teeth.
You have supernaturally acute eyesight.
You can survive without breathing.


Message History

The centaur shoots an arrow.
The arrow hits you!
You see here an arrow.
The centaur shoots an arrow.
The arrow barely misses you.
You see here an arrow.
The centaur shoots an arrow.
The arrow hits you.
You see here an arrow.
The centaur shoots an arrow.
The arrow closely misses you.
You see here an arrow.
Items here: % ))) [[ รท The centaur shoots an arrow.
The arrow hits you.
You see here an arrow.
The centaur shoots an arrow.
The arrow hits you!
* * * LOW HITPOINT WARNING * * *
You see here an arrow.
The centaur shoots an arrow.
The arrow closely misses you.
The centaur shoots an arrow.
The arrow hits you!
* * * LOW HITPOINT WARNING * * *
You see here an arrow.
The centaur shoots an arrow.
The arrow hits you!
You die...

.... #.............#
......
#.c...........#
#..).....
#.........(...#
##.###.##
#(............# #.
#.# #.(...........#
# #.
##............(#####
#..(............(.).
#..............####.
#.#@.#....###### #.
#.#.....#.# #.
#.#######.# #.
#.........# #.
########### #. #. #.
#. #.


You could see a centaur.

Vanquished Creatures
  Sigmund (D:3)
  A hippogriff (D:7)
  Duvessa (D:4)
  An ice beast (D:5)
  2 sky beasts
  A black bear (D:7)
  5 centaurs
  4 ogres
  Dowan (D:4)
  A water moccasin skeleton (D:6)
  4 scorpions
  The ghost of Duffy the Chopper, a weakling DDBe of Trog (D:4)
  3 crimson imps
  3 orc wizards
  An iguana (D:6)
  2 orc priests
  4 hounds
  3 worker ants
  Ijyb (D:2)
  Terence (D:2)
  A killer bee zombie (D:6)
  A hound skeleton (D:5)
  Robin (D:4)
  13 adders
  10 gnolls
  A shadow imp (D:5)
  An ooze (D:4)
  A worm (D:3)
  An adder skeleton (D:4)
  5 giant geckos
  14 orcs
  A ball python (D:1)
  8 bats
  4 giant cockroaches
  12 goblins
  7 hobgoblins
  4 jackals (D:4)
  10 kobolds
  2 quokkas
  A giant gecko skeleton (D:4)
  5 giant newts
  A quokka skeleton (D:6)
  5 rats
150 creatures vanquished.

Vanquished Creatures (collateral kills)
  A killer bee zombie (D:5)
1 creature vanquished.

Grand Total: 151 creatures vanquished

Notes
Turn   | Place    | Note
--------------------------------------------------------------
     0 | D:1      | JokEr the Vampire Monk began the quest for the Orb.
     0 | D:1      | Reached XP level 1. HP: 17/17 MP: 1/1
   724 | D:1      | Reached XP level 2. HP: 16/24 MP: 2/2
  1718 | D:2      | Reached XP level 3. HP: 20/29 MP: 3/3
  1817 | D:2      | Noticed Ijyb
  1820 | D:2      | You are sucked into a shaft for 2 floors!
  1829 | D:4      | Found an oddly glowing altar of Pakellas.
  1843 | D:4      | Found a sparkling altar of Nemelex Xobeh.
  1938 | D:4      | Noticed Duvessa
  1939 | D:4      | Noticed Dowan
  2040 | D:4      | Found a staircase to the Ecumenical Temple.
  2045 | Temple   | Entered the Ecumenical Temple
  2056 | Temple   | Became a worshipper of Makhleb the Destroyer
  2056 | Temple   | Reached * piety under Makhleb
  2056 | Temple   | Reached ** piety under Makhleb
  2209 | D:3      | Reached skill level 5 in Unarmed Combat
  2819 | D:2      | Noticed Terence
  2837 | D:2      | HP: 1/29 [Ijyb/wand of flame (6)]
  2838 | D:2      | Killed Ijyb
  2838 | D:2      | Reached XP level 4. HP: 7/37 MP: 4/4
  3221 | D:2      | Killed Terence
  3314 | D:3      | Noticed a centaur
  3420 | D:3      | Found a blossoming altar of Fedhas.
  3525 | D:3      | Reached XP level 5. HP: 42/42 MP: 5/5
  3528 | D:3      | Noticed Sigmund
  3716 | D:3      | Killed Sigmund
  3716 | D:3      | Reached skill level 6 in Unarmed Combat
  3716 | D:3      | Reached XP level 6. HP: 37/50 MP: 6/6
  3877 | D:3      | Upgraded the game from 0.18-a0-917-g8a3da5b to 0.18-a0-921-g28655ce
  3879 | D:3      | Reached skill level 5 in Fighting
  4107 | D:3      | Found a white marble altar of Elyvilon.
  4242 | D:4      | Noticed Robin
  4256 | D:4      | Reached *** piety under Makhleb
  4710 | D:4      | Killed Robin
  4710 | D:4      | Reached skill level 7 in Unarmed Combat
  4884 | D:4      | Reached XP level 7. HP: 56/56 MP: 7/7
  5239 | D:4      | Killed Duvessa
  5240 | D:4      | Noticed Duffy's ghost (weakling DDBe)
  5253 | D:4      | Killed Dowan
  5316 | D:4      | Killed Duffy's ghost
  5421 | D:4      | Reached skill level 8 in Unarmed Combat
  5874 | D:5      | Entered Level 5 of the Dungeon
  5970 | D:5      | Reached XP level 8. HP: 44/65 MP: 8/8
  6331 | D:5      | Reached **** piety under Makhleb
  6582 | D:4      | HP: 3/65 [hound (2)]
  6885 | D:4      | Reached skill level 9 in Unarmed Combat
  7692 | D:6      | Reached skill level 10 in Unarmed Combat
  7703 | D:6      | Found a basalt altar of Yredelemnul.
  7789 | D:6      | Reached XP level 9. HP: 50/74 MP: 9/9
  8741 | D:7      | Reached ***** piety under Makhleb
  9178 | D:7      | Shot with an arrow by a centaur

Vault maps used:
D:1:      sevenhm_arrival_forest_fort_large_2, glass_columns_a,
          minmay_misc_feat_encased
D:2:      nrook_mini_vaults, uniq_iyjb, uniq_terence
D:3:      lemuel_doored_altar, fedhas_altar_2, uniq_sigmund
D:4:      kennysheep_six_static_rooms, kennysheep_mini_moat, temple_doors_a,
          first_bread, serial_bayou_pond_e, grunt_pakellas_salt, uniq_robin,
          uniq_duvessa
D:6:      basic_altar
D:7:      basic_altar, the_bakery
Temple:   lightli_temple_of_artemis

Action                   |  1- 3 |  4- 6 |  7- 9 || total
-------------------------+-------+-------+-------++-------
Melee: Unarmed           |   112 |   116 |   329 ||   557
Invok: Minor Destruction |     2 |    23 |   118 ||   143
       Lesser Servant of |       |       |     1 ||     1
 Abil: End Transformatio |     1 |       |       ||     1
       Bat Form          |     1 |       |       ||     1
  Use: Scroll            |     1 |     7 |     6 ||    14
       Potion            |     8 |     7 |    17 ||    32
 Stab: Sleeping          |     5 |     1 |     1 ||     7
       Distracted        |       |     1 |     1 ||     2
